 Dungeon Sprint DCSS version 0.30-a0-949-g53dc5368d7 (webtiles) character file.

Game seed: 7319850207411589926

4937 BigDaddyOpFi the Grappler (level 10, -3/117 HPs)
             Began as a Troll Berserker on Mar 27, 2023.
             Was a Priest of Trog.
             Slain by a spriggan rider
             ... wielding a +0 spear
              (8 damage)
             ... in the Dungeon (Sprint IV: "Fedhas' Mad Dash").
             The game lasted 00:05:03 (2888 turns).

BigDaddyOpFi the Grappler (Troll Berserker)         Turns: 2888, Time: 00:05:04

Health: -3/117     AC:  4    Str: 31    XL:     10   Next: 28%
Magic:  9/9        EV: 13    Int:  3    God:    Trog [***...]
Gold:   208        SH:  0    Dex:  9    Spells: 9/9 levels left

rFire   + . .      SeeInvis .      - Unarmed
rCold   x . .      Faith    .    (no shield)
rNeg    . . .      Spirit   .    a - +0 animal skin
rPois   .          Reflect  .    (helmet restricted)
rElec   .          Rampage  .    (no cloak)
rCorr   .          NoTele   +    (gloves unavailable)
Will    .....                    (boots unavailable)
Stlth   +                        i - amulet of invisibility {+Inv}
HPRegen 1.19/turn                m - ring of fire
MPRegen 0.11/turn                (no ring)

@: on berserk cooldown, hasted and slowed
A: large, unfitting armour, claws 3, regeneration 1, shaggy fur 1, tough skin 1
a: Renounce Religion, Evoke Invisibility, Berserk, Trog's Hand


You were in the Dungeon.
You worshipped Trog.
Trog was most pleased with you.
You visited 1 branch You collected 241 gold pieces.
You spent 33 gold pieces at shops.

Inventory:

Hand Weapons
 l - a +5 antimagic quick blade
Missiles
 k - 4 boomerangs (quivered)
Armour
 a - a +0 animal skin (worn)
Jewellery
 i - the amulet of invisibility (around neck) {+Inv}
   (You found it in the Dungeon)

   [amulet of nothing]

   +Inv:      It lets you turn invisible.
 m - a ring of fire (left claw)
Scrolls
 g - a scroll of blinking
 n - a scroll of fog {unknown}
Potions
 b - 2 potions of curing
 e - 2 potions of magic
 f - a potion of berserk rage
 h - 2 potions of flight {unknown}
Miscellaneous
 j - a tin of tremorstones (2/2)


   Skills:
 + Level 12.3 Fighting
 + Level 12.3 Dodging
 + Level 14.5 Unarmed Combat


You had 9 spell levels left.
You didn't know any spells.
Your spell library was empty.

Dungeon Overview and Level Annotations

Branches:
Dungeon (1/1)

Altars:
Cheibriados
Dithmenos
Elyvilon
Gozag
Hepliaklqana
Kikubaaqudgha
Makhleb
Nemelex Xobeh
Okawaru
Qazlal
Ru
Sif Muna
Trog
Uskayaw
Vehumet
Wu Jian
Xom
Yredelemnul
Zin
The Shining One
Jiyva
Lugonu

Shops:
D **!?


Innate Abilities, Weirdness & Mutations

You are too large for most types of armour.
You have claws for hands.
Your natural rate of healing is unusually fast.
You are covered in fur. (AC +1)
You have tough skin. (AC +1)


Message History

g - Guard the area. f - Follow me.
Anything else - Cancel.
Okay, then.
You feel much better. The spriggan rider closely misses you.
The spriggan barely misses you.
Your ogre barely misses the spriggan.
The spriggan rider closely misses you.
You barely miss the spriggan.
The spriggan is heavily wounded.
The spriggan closely misses you.
Your ogre completely misses the spriggan.
The spriggan rider hits you from afar with a +0 spear!!
* * * LOW HITPOINT WARNING * * *
The spriggan closely misses you.
Your ogre hits the spriggan with a +0 giant club!!!
The spriggan dies!
Trog accepts your kill. The spriggan rider closely misses you.
Your ogre misses the spriggan rider.
The spriggan rider hits your ogre with a +0 spear!!
What are your orders? t - Shout!
Orders for allies: a - Attack new target. r - Retreat! s - Stop attacking. g - Guard the area. f - Follow me.
Anything else - Cancel.
Gang up on whom?
Press: ? - help, Dir - move target, f - spriggan rider
Aim: a spriggan rider, wielding a +0 spear (ally target) Attack!
Your ogre misses the spriggan rider.
The spriggan rider hits your ogre with a +0 spear!
Your ogre dies!
Your ogre's corpse disappears in a puff of smoke!
The spriggan rider hits you from afar with a +0 spear!
* * * LOW HITPOINT WARNING * * *
You feel yourself speed up.
The spriggan rider hits you from afar with a +0 spear!
* * * LOW HITPOINT WARNING * * *
The spriggan rider barely misses you.
The spriggan rider hits you from afar with a +0 spear!
You die...

#############################
.⌠._._._._.⌠.#..)...#....##∩#
.._._._._._..'.)#...#....'..#
..._._._._...#..###'##...##∩#
.._._._._._..#.[##∩∩.'...#### .
._._._._._.⌠.############# ##...
##################....).###.....♣
♣♣♣♣♣..♣)###.'..@.i...(.'.)...♣
.....♣..♣##:.#..#.....).#######
..♣♣♣.♣).###.##+##.P....#
♣♣.)♣...♣'...# ########
#############


You could see a spriggan rider.

Vanquished Creatures
  A spriggan druid (D)
  4 oklob plants (D)
  3 burning bushes (D)
  A queen bee (D)
  3 wandering mushrooms (D)
  3 scorpions (D)
  4 killer bees (D)
  5 oklob saplings (D)
  3 spriggans (D)
  A river rat (D)
  A rat (D)
29 creatures vanquished.

Vanquished Creatures (collateral kills)
  2 oklob plants (D)
  A demonic crawler (D)
  A spriggan (D)
4 creatures vanquished.

Vanquished Creatures (others)
  A ballistomycete spore (D)
  2 fungi (D)
3 creatures vanquished.

Grand Total: 36 creatures vanquished

Notes
Turn   | Place    | Note
-------+----------+-------------------------------------------
     0 | D        | BigDaddyOpFi the Troll Berserker began the quest for the
                  | Orb.
     0 | D        | Reached XP level 1. HP: 22/22 MP: 0/0
     9 | D        | Reached XP level 2. HP: 31/31 MP: 1/1
   154 | D        | Noticed an oklob sapling
   281 | D        | Killed an oklob sapling
   281 | D        | Reached ** piety under Trog
   282 | D        | Reached skill level 4 in Unarmed Combat
   282 | D        | Reached XP level 3. HP: 38/39 MP: 2/2
   295 | D        | Noticed a scorpion
   295 | D        | Found the amulet of invisibility {+Inv}
   298 | D        | Killed a scorpion
   299 | D        | Reached skill level 5 in Unarmed Combat
   299 | D        | Reached XP level 4. HP: 44/49 MP: 3/3
   517 | D        | Found an opulent altar of Gozag.
   517 | D        | Found a hazy altar of Hepliaklqana.
   517 | D        | Found a burning altar of Makhleb.
   517 | D        | Found a sparkling altar of Nemelex Xobeh.
   517 | D        | Found a snail-covered altar of Cheibriados.
   517 | D        | Found a sacrificial altar of Ru.
   517 | D        | Found a shimmering blue altar of Sif Muna.
   517 | D        | Found a shimmering altar of Xom.
   517 | D        | Found a basalt altar of Yredelemnul.
   518 | D        | Found a viscous altar of Jiyva.
   518 | D        | Found a bloodstained altar of Trog.
   518 | D        | Found an ornate altar of the Wu Jian Council.
   528 | D        | Found an iron altar of Okawaru.
   528 | D        | Found a shadowy altar of Dithmenos.
   528 | D        | Found a glowing silver altar of Zin.
   529 | D        | Found an ancient bone altar of Kikubaaqudgha.
   529 | D        | Found a hide-covered altar of Uskayaw.
   530 | D        | Found a stormy altar of Qazlal.
   530 | D        | Found a white marble altar of Elyvilon.
   530 | D        | Found a glowing golden altar of the Shining One.
   531 | D        | Found a radiant altar of Vehumet.
   531 | D        | Found a corrupted altar of Lugonu.
   540 | D        | Reached skill level 5 in Fighting
   540 | D        | Reached skill level 5 in Dodging
   540 | D        | Reached skill level 6 in Unarmed Combat
   540 | D        | Reached XP level 5. HP: 57/57 MP: 4/4
   634 | D        | Reached skill level 7 in Unarmed Combat
   652 | D        | Reached *** piety under Trog
   660 | D        | Reached skill level 8 in Unarmed Combat
   660 | D        | Reached XP level 6. HP: 22/68 MP: 5/5
   798 | D        | Found Gyamp's General Store.
   798 | D        | Found Geifush's Assorted Antiques.
   807 | D        | Noticed a burning bush
   807 | D        | Noticed a wandering mushroom
   807 | D        | Noticed a wandering mushroom
   983 | D        | Killed a wandering mushroom
   983 | D        | Reached **** piety under Trog
   984 | D        | Reached skill level 9 in Unarmed Combat
   984 | D        | Reached XP level 7. HP: 79/79 MP: 6/6
   987 | D        | Killed a burning bush
   988 | D        | Reached skill level 10 in Unarmed Combat
  1017 | D        | Found Ipnifaad's Magic Scroll Emporium.
  1017 | D        | Found Nitassuph's Distillery.
  1027 | D        | Bought a potion of curing for 33 gold pieces
  1224 | D        | Noticed a queen bee
  1246 | D        | Killed a queen bee
  1246 | D        | Reached ***** piety under Trog
  1247 | D        | Reached skill level 11 in Unarmed Combat
  1247 | D        | Reached XP level 8. HP: 54/92 MP: 7/7
  1305 | D        | Noticed a burning bush
  1311 | D        | Killed a burning bush
  1463 | D        | Noticed an oklob plant
  1470 | D        | Killed an oklob plant
  1471 | D        | Reached skill level 10 in Fighting
  1471 | D        | Reached skill level 10 in Dodging
  1471 | D        | Reached skill level 12 in Unarmed Combat
  1507 | D        | Noticed a burning bush
  1507 | D        | Noticed an oklob plant
  1508 | D        | Noticed a wandering mushroom
  1521 | D        | Received a gift from Trog
  1522 | D        | Reached XP level 9. HP: 99/101 MP: 8/8
  1579 | D        | Killed a burning bush
  1630 | D        | Killed an oklob plant
  1877 | D        | Noticed a spriggan druid
  1886 | D        | Killed a spriggan druid
  1887 | D        | Reached skill level 13 in Unarmed Combat
  2032 | D        | Noticed an oklob plant conjurer
  2036 | D        | Killed an oklob plant conjurer
  2036 | D        | Received a gift from Trog
  2532 | D        | Noticed an oklob plant
  2532 | D        | Noticed an oklob plant summoner
  2556 | D        | Noticed an oklob plant shifter
  2559 | D        | Killed an oklob plant
  2562 | D        | Killed an oklob plant summoner
  2562 | D        | Killed an oklob plant shifter
  2563 | D        | Reached skill level 14 in Unarmed Combat
  2563 | D        | Reached XP level 10. HP: 106/115 MP: 9/9
  2785 | D        | Noticed a demonic crawler
  2788 | D        | Killed a demonic crawler
  2860 | D        | Noticed a spriggan rider
  2885 | D        | HP: 1/117 [spriggan rider/+0 spear (10)]
  2888 | D        | Slain by a spriggan rider

Illustrated notes

Levels and vault maps discovered:
D:        dungeon_sprint_fedhas [sprint_temple]

Skill      XL: |  1  2  3  4  5  6  7  8  9 |
---------------+----------------------------+-----
Fighting       | 3 4 5 6 7 9 10 12 | 12.3
Dodging        | 3 4 5 6 8 9 10 12 | 12.3
Unarmed Combat | 4 5 6 8 9 11 12 14 | 14.5

Action                     |  1- 3 |  4- 6 |  7- 9 | 10-12 || total
---------------------------+-------+-------+-------+-------++-------
  Melee: Unarmed           |    10 |    27 |    61 |    14 ||   112
         Punch             |       |     2 |     4 |       ||     6
 Invoke: Berserk           |     2 |     4 |     8 |     2 ||    16
         Trog's Hand       |       |     1 |       |       ||     1
         Brothers in Arms  |       |       |     1 |     2 ||     3
Ability: Evoke Invisibilit |       |     1 |     2 |       ||     3
    Use: Potion            |       |       |       |     2 ||     2
   Stab: Invisible         |       |       |     2 |       ||     2
 Armour: Animal skin       |     1 |     4 |     3 |     2 ||    10
  Dodge: Dodged            |     2 |    20 |    26 |    17 ||    65

Table legend: (Time is in decaauts)
 A = Elapsed time spent in this place.
 B = Non-inter-level travel time spent in this place.
 C = Inter-level travel time spent in this place.
 D = Time resting spent in this place.
 E = Time spent auto-exploring this place.
 F = Levels seen in this place.
 G = Mean time per level.
                   A        B        C        D        E       F      G
               +--------+--------+--------+--------+--------+-----+--------+
         Total |   3023 |   3023 |      0 |   2552 |      0 |   1 | 3023.0 |
       Dungeon |   3023 |   3023 |      0 |   2552 |      0 |   1 | 3023.0 |
               +--------+--------+--------+--------+--------+-----+--------+

Top non-repeatable levels by time:
       D: 3023 daAuts
